 Dungeon Crawl Stone Soup version 0.27.1 (webtiles) character file.

Game seed: 13214008025538854640

752 shadowrider38 the Destroyer (level 7, -1/36 HPs)
             Began as a Deep Elf Conjurer on Aug 21, 2021.
             Was an Initiate of Vehumet.
             Shot with an arrow by a centaur (7 damage)
             ... on level 5 of the Dungeon.
             The game lasted 00:23:49 (6456 turns).

shadowrider38 the Destroyer (Deep Elf Conjurer)     Turns: 6456, Time: 00:23:49

Health: -1/36      AC:  5    Str:  4    XL:     7   Next: 49%
Magic:  18/22      EV: 12    Int: 25    God:    Vehumet [......]
Gold:   109        SH:  0    Dex: 13    Spells: 7/12 levels left

rFire    . . .     SeeInvis .   a - +0 war axe
rCold    . . .     Faith    .   (no shield)
rNeg     . . .     Spirit   .   n - +2 robe {Will+}
rPois    .         Reflect  .   f - +0 helmet
rElec    .         Harm     .   (no cloak)
rCorr    .         Rampage  .   (no gloves)
Will     +....                  (no boots)
Stlth    ++........             (no amulet)
HPRegen  0.12/turn              j - ring of magical power
MPRegen  0.18/turn              (no ring)

@: no status effects
A: no striking features
a: Renounce Religion


You were on level 5 of the Dungeon.
You worshipped Vehumet.
Vehumet was noncommittal.
You visited 1 branch of the dungeon, and saw 5 of its levels.

You collected 109 gold pieces.

Inventory:

Hand Weapons
 a - a +0 war axe (weapon)
Missiles
 c - 164 stones
 l - 14 javelins
Armour
 f - a +0 helmet (worn)
 n - a +2 robe of willpower (worn)
Jewellery
 j - a ring of magical power (left hand)
Wands
 p - a wand of digging (6)
 q - a wand of iceblast (5)
 t - a wand of acid (5)
Scrolls
 g - a scroll of teleportation {unknown}
 h - 3 scrolls of identify {unknown}
 i - a scroll of noise {unknown}
 k - a scroll of enchant weapon {unknown}
 m - a scroll of holy word {unknown}
 o - 2 scrolls of amnesia {unknown}
 s - a scroll of immolation {unknown}
Potions
 b - a potion of haste
 d - 2 potions of heal wounds {unknown}
 e - a potion of berserk rage {unknown}
 r - a potion of might {unknown}


   Skills:
 - Level 2.4 Dodging
 - Level 2.4 Stealth
 - Level 3.0 Spellcasting
 + Level 10.1 Conjurations


You had 7 spell levels left.
You knew the following spells:

 Your Spells              Type           Power      Damage    Failure   Level
a - Magic Dart            Conj           100%       1d8       1%          1
b - Iskenderun's Mystic   Conj/Tloc      29%        2d7       12%         4

Your spell library contained the following spells:

 Spells                   Type           Power      Damage    Failure   Level
 Searing Ray              Conj           100%       3d7       1%          2
 Dazzling Flash           Conj/Hex       58%        N/A       3%          3
 Fulminant Prism          Conj/Hex       14%        3d9       12%         4
 Inner Flame              Hex/Fire       3%         N/A       30%         3
 Cause Fear               Hex            1%         N/A       69%         4
 Discord                  Hex            1%         N/A       100%        8


Dungeon Overview and Level Annotations

Branches:
Dungeon (5/15)
 Temple: D:4-7

Altars:
Vehumet
Yredelemnul

Shops:
D:2 =   D:4 ?


Message History

There is a radiant altar of Vehumet here.
You kneel at the altar of Vehumet.
Vehumet welcomes you!
There is a stone staircase leading down here.
You climb downwards.
Found a stone staircase leading down.
There is a stone staircase leading up here.
Aiming: Magic Dart (safe; 1% risk of failure)
Press: ? - help, Q - select action, (/) - cycle Shift-Dir - straight line, f - centaur
Aim: a centaur, quivering arrows (asleep, 100% to hit)
The magic dart hits the centaur but does no damage.
The centaur shouts!
The centaur wields a +1 shortbow of freezing.
It is covered in frost.
The centaur shoots an arrow.
The arrow barely misses you.
Aiming: Magic Dart (safe; 1% risk of failure)
Press: ? - help, Q - select action, (/) - cycle Shift-Dir - straight line, f/p - centaur
Aim: a centaur, wielding a +1 shortbow of freezing and quivering arrows (100% to hit)
The magic dart hits the centaur.
The centaur is lightly wounded.
The centaur shoots an arrow.
The arrow hits you. The arrow freezes you.
Aiming: Magic Dart (safe; 1% risk of failure)
Press: ? - help, Q - select action, (/) - cycle Shift-Dir - straight line, f/p - centaur
Aim: a centaur, wielding a +1 shortbow of freezing and quivering arrows (lightly wounded, 100% to hit)
The magic dart hits the centaur!
The centaur is heavily wounded.
The centaur shoots an arrow.
The arrow misses you.
Aiming: Magic Dart (safe; 1% risk of failure)
Press: ? - help, Q - select action, (/) - cycle Shift-Dir - straight line, f/p - centaur
Aim: a centaur, wielding a +1 shortbow of freezing and quivering arrows (heavily wounded, 100% to hit)
The magic dart hits the centaur.
The centaur is heavily wounded.
The centaur shoots an arrow.
The arrow hits you! The arrow freezes you!
* * * LOW HITPOINT WARNING * * *
The centaur shoots an arrow.
The arrow hits you.
* * * LOW HITPOINT WARNING * * *
The arrow freezes you.
* * * LOW HITPOINT WARNING * * *
The centaur shoots an arrow.
The arrow hits you!
You die...

#######
#.@.c.#
...........#
#####.#.####
#.#^# # ...
#.# #.> ...


You could see a centaur.

Vanquished Creatures
  Sigmund (D:3)
  2 ogres (D:4)
  A phantom (D:4)
  A hound (D:3)
  2 orc priests
  Ijyb (D:4)
  An iguana (D:4)
  A hound skeleton (D:4)
  Robin (D:2)
  3 adders
  4 gnolls (D:4)
  A worm (D:2)
  4 dart slugs
  7 orcs
  11 ball pythons
  3 bats
  7 endoplasms
  7 giant cockroaches
  21 goblins
  10 hobgoblins
  3 jackals (D:2)
  2 quokkas
  3 frilled lizards
  A jackal skeleton (D:4)
  6 kobolds
  9 rats
113 creatures vanquished.

Notes
Turn   | Place    | Note
-------+----------+-------------------------------------------
     0 | D:1      | shadowrider38 the Deep Elf Conjurer began the quest for the
                  | Orb.
     0 | D:1      | Reached XP level 1. HP: 10/10 MP: 6/6
   362 | D:1      | Reached XP level 2. HP: 15/15 MP: 5/8
   494 | D:1      | Reached skill level 5 in Conjurations
  1493 | D:2      | Reached XP level 3. HP: 19/19 MP: 4/9
  1794 | D:2      | Reached skill level 6 in Conjurations
  1924 | D:2      | Noticed Robin
  2099 | D:1      | Reached XP level 4. HP: 22/24 MP: 6/10
  2352 | D:2      | Killed Robin
  2654 | D:2      | Found Ybugi's Jewellery Shop.
  3105 | D:2      | Learned a level 4 spell: Iskenderun's Mystic Blast
  3361 | D:3      | Noticed Sigmund
  3826 | D:3      | Reached skill level 7 in Conjurations
  3826 | D:3      | Reached XP level 5. HP: 5/28 MP: 6/11
  4349 | D:3      | Killed Sigmund
  4350 | D:3      | Reached skill level 8 in Conjurations
  4350 | D:3      | Reached XP level 6. HP: 32/32 MP: 9/12
  5111 | D:4      | Found Bomappoe's Magic Scroll Shoppe.
  5175 | D:4      | Reached skill level 9 in Conjurations
  5498 | D:4      | Reached XP level 7. HP: 36/36 MP: 11/13
  5578 | D:4      | Noticed Ijyb
  5583 | D:4      | Killed Ijyb
  6039 | D:4      | Reached skill level 10 in Conjurations
  6214 | D:4      | Found a basalt altar of Yredelemnul.
  6330 | D:4      | Found a radiant altar of Vehumet.
  6435 | D:4      | Became a worshipper of Vehumet
  6451 | D:5      | Entered Level 5 of the Dungeon
  6456 | D:5      | Shot with an arrow by a centaur

Illustrated notes

Levels and vault maps discovered:
D:1:      dpeg_arrival_castle, layout_loops_corners
D:2:      layout_basic, serial_shops, nicolae_diamond_shop, uniq_robin
D:3:      layout_basic, kennysheep_nondescript, mrwooster_statue_mirror,
          chequers_serial_rivers_micro_d, kennysheep_generic_room_3,
          uniq_sigmund
D:4:      layout_basic, lemuel_round_altar, fiery_altar_vehumet,
          nicolae_take_the_stairs, uniq_ijyb
D:5:      wander_guarded_unrand_ratskin, layout_basic,
          nicolae_uskayaw_dance_hall, kennysheep_mini_moat,
          nzn_hepliaklqana_mist_gate, kennysheep_vampire_church,
          minmay_temple_entry_tees, serial_rivers,
          chequers_serial_rivers_micro_d, chequers_serial_rivers_room_a,
          chequers_serial_rivers_marsh, chequers_serial_rivers_micro_a,
          minmay_tree_intersection

Skill      XL: |  1  2  3  4  5  6  7 |
---------------+----------------------+-----
Conjurations   | 5 6 7 8 9 10 | 10.1
Dodging        | |  2.4
Stealth        | |  2.4
Spellcasting   | |  3.0

Action                   |  1- 3 |  4- 6 |  7- 9 || total
-------------------------+-------+-------+-------++-------
Melee: Unarmed           |    11 |    36 |       ||    47
       War axe           |       |     6 |     5 ||    11
 Cast: Magic Dart        |    70 |   143 |    41 ||   254
       Iskenderun's Myst |       |     3 |     6 ||     9
Evoke: Wand              |       |       |     3 ||     3
 Stab: Sleeping          |       |     1 |       ||     1
Armor: Robe              |     4 |    31 |     1 ||    36
Dodge: Dodged            |    14 |    70 |     7 ||    91
